AoeStats
← Ukt0h

Arabia

509108072Analyzed
1v1 RM · 5d ago on Sep 25, 2026· 37m 1s· 2 players
Game mode
Random Map
Map size
Tiny (2 player)
Population
200
Speed
Normal
Resources
Standard
Victory
Conquest
Starting age
Dark Age
Ending age
Imperial Age
RankedLock teamsTeams togetherTeam positionsShared explorationLock speedFull tech treeHidden civsTurbo modeCheats
Victory
Defeat
🇦🇷 Magyars · Argentina
1007
+17
🇳🇱 Franks · Netherlands
1034
-17
Ukt0h
7:49 Loom
9:59 Feudal Age
15:43 Double-Bit Axe
20:06 Scale Barding Armor
20:15 Bloodlines
20:23 Horse Collar
23:57 Castle Age
25:10 Chain Barding Armor
29:18 Bow Saw
29:55 Heavy Plow
33:04 Fletching
33:16 Light Cavalry
34:32 Town Watch
Medina90
6:19 Loom
8:58 Feudal Age
16:31 Wheelbarrow
17:18 Double-Bit Axe
21:43 Castle Age
20:33 Scale Barding Armor
20:38 Forging
20:33 Scale Barding Armor
20:39 Forging
24:15 Hand Cart
25:11 Gold Mining
25:52 Husbandry
26:44 Chain Barding Armor
26:34 Forging
31:30 Iron Casting
31:59 Gold Shaft Mining
34:37 Gold Shaft Mining
38:09 Imperial Age
36:08 Padded Archer Armor
Connection lost

Rejoining the realm…

Still unreachable

The connection could not be restored.

Session expired

The server has moved on; the page needs a fresh start.